 Dungeon Crawl Stone Soup version 0.16.1-7-g2c6721e (webtiles) character file.

66 Draco the Magician (level 3, 0/19 HPs)
             Began as a Deep Elf Wizard on Mar 29, 2015.
             Slain by a gnoll
             ... wielding a +0 halberd
              (9 damage)
             ... on level 2 of the Dungeon.
             The game lasted 00:08:54 (1490 turns).

Draco the Magician (Deep Elf Wizard)                Turns: 1490, Time: 00:08:54

Health: 0/19       AC:  4    Str:  4    XL:     3   Next: 96%
Magic:  6/14       EV: 13    Int: 23    God:
Gold:   63         SH:  0    Dex: 13    Spells: 3 memorised, 8 levels left

rFire  x . .     SeeInvis .     (no weapon)
rCold  + . .     Clarity  .     a - +0 robe
rNeg   . . .     SustAb   .     (no shield)
rPois  .         Gourm    .     b - +0 hat
rElec  .         Spirit   .     (no cloak)
rCorr  .         Warding  .     (no gloves)
rMut   .         Stasis   .     g - +1 pair of boots
MR     .....                    (no amulet)
Stlth  ++........               (no ring)
                                f - ring of ice

@: not resistant to hostile enchantments, unstealthy
A: no striking features
a: no special abilities


You were on level 2 of the Dungeon.
You were hungry.

You visited 1 branch of the dungeon, and saw 2 of its levels.

You collected 63 gold pieces.

Inventory:

Hand weapons
 j - a +4 spear of venom
Armour
 a - a +0 robe (worn)
 b - a +0 hat (worn)
 g - a +1 pair of boots (worn)
Jewellery
 f - a ring of ice (left hand)
 l - a cursed ring of teleportation {unknown}
Scrolls
 e - a scroll of amnesia {unknown}
 k - 3 scrolls of identify {unknown}
Potions
 i - a potion of might {unknown}
Books
 c - a book of Minor Magic

   Spells                             Type                      Level
   a - Magic Dart                     Conjuration                  1
   b - Blink                          Translocation                2
   c - Call Imp                       Summoning                    2
   d - Repel Missiles                 Charms/Air                   2
   e - Slow                           Hexes                        2
   f - Conjure Flame                  Conjuration/Fire             3
   g - Mephitic Cloud                 Conjuration/Poison/Air       3
Comestibles
 d - 2 bread rations
 h - a beef jerky
 m - 3 chunks of flesh


   Skills:
 + Level 2.9 Dodging
 + Level 3.1 Stealth
 + Level 5.6 Spellcasting
 + Level 1.8 Conjurations
 + Level 1.5 Summonings
 + Level 1.1 Translocations


You had 8 spell levels left.
You knew the following spells:

 Your Spells              Type           Power        Failure   Level  Hunger
a - Magic Dart            Conj           ##..         4%          1    None
b - Call Imp              Summ           ##......     10%         2    None
c - Blink                 Tloc           N/A          10%         2    None


Dungeon Overview and Level Annotations

Branches:
Dungeon (2/15)

Altars:
Trog
Yredelemnul


Message History

r - Retreat! s - Stop attacking. w - Wait here. f - Follow me.
Anything else - Stay silent.
Gang up on whom?
Press: ? - help, Dir - move target cursor, f - gnoll
Aim: a gnoll, wielding a whip and wearing a robe (lightly wounded) Attack!
Your white imp hits the gnoll but does no damage.
There are monsters nearby!
There are monsters nearby!
There are monsters nearby!
The gnoll hits your white imp with a whip.
Your white imp hits the gnoll.
Your white imp freezes the gnoll.
The gnoll hits your white imp but does no damage.
Your white imp closely misses the gnoll.
The gnoll barely misses your white imp.
Your white imp hits the gnoll.
Your white imp freezes the gnoll.
The gnoll dies!
The gnoll hits you from afar with a halberd!
You die...

..# #...P.P ##.#
##.####.#.._.....#
..).......P.P..... .
.......#.....##.# ...
................#
#..##.###..##..###..###
#. ....................
#..##.###..##..###..###
#.....@5g...........#
#.....###..###.###..##
#####...†..# #<.....)##
#####..# #.##......
#..###.##5#.###
#...5[..g.#.##.
##.####.#######
#......# ######.#


You could see a gnoll and a friendly white imp.

Vanquished Creatures
  2 giant geckos
  An ooze (D:2)
  2 giant cockroaches
  4 goblins
  A hobgoblin (D:2)
  2 jackals (D:1)
  7 kobolds
  6 bats
  4 giant newts (D:1)
  5 rats
34 creatures vanquished.

Vanquished Creatures (collateral kills)
  3 gnolls (D:2)
  An adder (D:2)
  A giant cockroach (D:1)
  2 hobgoblins
7 creatures vanquished.

Vanquished Creatures (others)
  A crimson imp (D:2)
  A white imp (D:2)
2 creatures vanquished.

Grand Total: 43 creatures vanquished

Notes
Turn   | Place    | Note
--------------------------------------------------------------
     0 | D:1      | Draco, the Deep Elf Wizard, began the quest for the Orb.
     0 | D:1      | Reached XP level 1. HP: 10/10 MP: 6/6
   342 | D:1      | Reached XP level 2. HP: 15/15 MP: 8/10
   346 | D:1      | Learned a level 2 spell: Call Imp
   349 | D:1      | Learned a level 2 spell: Blink
   392 | D:1      | Reached skill level 5 in Spellcasting
  1008 | D:2      | Found a bloodstained altar of Trog.
  1052 | D:2      | Reached XP level 3. HP: 19/19 MP: 12/14
  1467 | D:2      | Found a basalt altar of Yredelemnul.
  1490 | D:2      | Slain by a gnoll

Action                   || total
-------------------------++-------
 Cast: Magic Dart        ||    77
       Call Imp          ||     8
       Blink             ||     1
  Eat: Chunk             ||     1
